 Dungeon Crawl Stone Soup version 0.31-a0-232-gb1c03b2570 (webtiles) character file.

Game seed: 10703515419771617275

55 qw the Shooter (level 3, -3/29 HPs)
             Began as a Minotaur Hexslinger on July 7, 2023.
             Killed from afar by an orc wizard (8 damage)
             ... with a puff of flame
             ... on level 2 of the Dungeon.
             The game lasted 00:00:39 (1350 turns).

qw the Shooter (Minotaur Hexslinger)                Turns: 1350, Time: 00:00:40

Health: -3/29      AC:  5    Str: 12    XL:     3   Next: 67%
Magic:  3/3        EV: 16    Int: 10    God:
Gold:   87         SH:  0    Dex: 14    Spells: 3/4 levels left

rFire   . . .        Y - +1 sling
rCold   . . .        (no shield)
rNeg    . . .        a - +0 ring mail
rPois   .            (helmet restricted)
rElec   .            i - scarf {repulsion}
rCorr   .            (no gloves)
SInv    .            (no boots)
Will    .....        (no amulet)
Stlth   +            e - +5 ring of evasion
HPRegen 0.24/turn    (no ring)
MPRegen 0.08/turn

%: repel missiles
@: no status effects
A: horns 2, retaliatory headbutt
a: no special abilities


You were on level 2 of the Dungeon.
You visited 1 branch of the dungeon, and saw 3 of its levels.

You collected 87 gold pieces.


Innate Abilities, Weirdness & Mutations

You have a pair of horns on your head.
You reflexively headbutt those who attack you in melee.


   Skills:
 - Level 2.0 Fighting
 - Level 4.1 Ranged Weapons
 + Level 0.9 Armour
 - Level 2.1 Dodging
 - Level 1.0 Spellcasting
 - Level 2.0 Hexes


You had 3 spell levels left.
You knew the following spells:

 Your Spells              Type           Power      Damage    Failure   Level
a - Slow                  Hex            16%        N/A       34%         1

Your spell library contained the following spells:

 Spells                   Type           Power      Damage    Failure   Level
 Inner Flame              Hex/Fire       2%         N/A       83%         3
 Portal Projectile        Hex/Tloc       4%         N/A       83%         3
 Cause Fear               Hex            2%         N/A       98%         4

Inventory:

Hand Weapons
 Y - a +1 sling (weapon)
Armour
 a - a +0 ring mail (worn)
 h - a +0 cloak of stealth
 i - a scarf of repulsion (worn)
Jewellery
 e - a +5 ring of evasion (left hand)
Scrolls
 b - a scroll of identify

Dungeon Overview and Level Annotations

Branches:
Dungeon (3/15)

Altars:


Message History

The orc wizard barely misses you.
The orc wizard hits you with a +0 dagger.
You shoot a sling bullet.
The sling bullet completely misses the orc wizard.
The orc wizard casts a spell at you.
You are confused.
The orc wizard hits you with a +0 dagger.
The orc wizard hits you with a +0 dagger.
The orc wizard points at you and mumbles some strange words.
You resist with significant effort. The orc wizard barely misses you.
The orc wizard closely misses you.
You feel less confused.
The orc wizard hits you with a +0 dagger.
You shoot a sling bullet. The sling bullet hits the orc wizard.
The orc wizard is heavily wounded.
The orc wizard casts a spell.
The orc wizard flickers and vanishes!
Deactivating autopickup; reactivate with Ctrl-A.
You shoot a sling bullet. Something hits you.
Something hits you but does no damage.
You shoot a sling bullet. Something hits you.
You shoot a sling bullet.
You hear some strange, mumbled words.
You are confused.
You shoot a sling bullet. Something barely misses you. x2
You shoot a sling bullet. Something hits you but does no damage.
You shoot a sling bullet. Something hits you but does no damage.
You shoot a sling bullet.
You feel less confused. Something hits you. x2
You shoot a sling bullet.
You hear some strange, mumbled words.
A puff of flame appears from out of thin air!
The puff of flame hits you!
You die...

#¤##
¤..###########
...##........#
...##.######.#
#.###.# #.#
......# #.#
####### #.#
#######
#.#####
#.....#
#....@###
#.....#
###.).{.#
#..#..#
#.#.#.#
##.....##
##.#.#.#
#.......#
#....#.#
#.##.##.#
##.###.#
#.##.##.#
#.....#
#.......#
#.#####
#.#####.###
#.#


There were no monsters in sight!

Vanquished Creatures
  2 adders (D:2)
  An orc (D:2)
  4 endoplasms
  2 giant cockroaches
  6 goblins
  2 hobgoblins (D:1)
  2 kobolds (D:2)
  3 quokkas
  A ball python (D:1)
  3 bats
  4 frilled lizards (D:1)
  5 rats
35 creatures vanquished.

Notes
Turn   | Place    | Note
-------+----------+-------------------------------------------
     0 | D:1      | qw the Minotaur Hexslinger began the quest for the Orb.
     0 | D:1      | Reached XP level 1. HP: 16/16 MP: 1/1
     0 | D:1      | 0 ||| qw: Version: 0.3-a-46-gb1f654a
     0 | D:1      | 0 ||| qw: Game counter: 2927
     0 | D:1      | 0 ||| qw: Melee chars always use a shield: true
     0 | D:1      | 0 ||| qw: God list: Okawaru
     0 | D:1      | 0 ||| qw: Allow faded altars: false
     0 | D:1      | 0 ||| qw: Do Orc after clearing Dungeon:15 true
     0 | D:1      | 0 ||| qw: Do second Lair branch before Depths: true
     0 | D:1      | 0 ||| qw: Lair rune preference: random
     0 | D:1      | 0 ||| qw: Goals: Normal
     0 | D:1      | 0 ||| PLANNING D:1-11
   149 | D:1      | Reached skill level 3 in Ranged Weapons
   149 | D:1      | Reached XP level 2. HP: 14/23 MP: 2/2
   454 | D:1      | 454 ||| READING scroll labelled KEREULA LAKLO.
   455 | D:1      | 455 ||| READING scroll labelled VUITAP PIDIPROT.
   456 | D:1      | 456 ||| DROPPING scroll of poison.
   514 | D:2      | 514 ||| FLEEEEING.
   516 | D:2      | 516 ||| FLEEEEING.
   518 | D:2      | 518 ||| FLEEEEING.
   521 | D:2      | 521 ||| FLEEEEING.
   522 | D:2      | 522 ||| FLEEEEING.
   523 | D:2      | 523 ||| FLEEEEING.
   524 | D:2      | 524 ||| FLEEEEING.
   525 | D:2      | 525 ||| FLEEEEING.
   526 | D:2      | 526 ||| STAIRDANCE
   536 | D:1      | 536 ||| UPGRADING to +0 ring mail.
   546 | D:1      | 546 ||| DROPPING +0 robe.
   676 | D:2      | Reached XP level 3. HP: 26/29 MP: 3/3
   781 | D:2      | Reached skill level 4 in Ranged Weapons
  1012 | D:2      | Found a faded altar of an unknown god.
  1270 | D:2      | 1270 ||| UPGRADING to +0 cloak of stealth.
  1275 | D:2      | 1275 ||| UPGRADING to scarf of repulsion.
  1285 | D:2      | 1285 ||| UPGRADING to +5 ring of evasion.
  1286 | D:2      | 1286 ||| READING scroll labelled OTYRHI ACEXT.
  1287 | D:2      | 1287 ||| READING scroll labelled JICAOHYUTU.
  1288 | D:2      | 1288 ||| READING scroll labelled DUKHINLUITI.
  1289 | D:2      | 1289 ||| READING 2 scrolls of identify.
  1289 | D:2      | 1289 ||| IDENTIFYING bubbling orange potion
  1290 | D:2      | 1290 ||| DROPPING potion of brilliance.
  1324 | D:3      | 1324 ||| STAIRDANCE
  1344 | D:2      | HP: 7/29 [something (3)]
  1349 | D:2      | HP: 6/29 [something (3)]
  1350 | D:2      | Killed from afar by an orc wizard

Levels and vault maps discovered:
D:1:      dpeg_arrival_shelter, layout_rooms
D:2:      layout_loops_cross, shapermc_ecumenical_altar_gd
D:3:      layout_rooms

Skill      XL: |  1  2  3 |
---------------+----------+-----
Ranged Weapons | 3 4 |  4.1
Fighting       | 2 |  2.0
Armour         | |  0.9
Dodging        | |  2.1
Spellcasting   | |  1.0
Hexes          | |  2.0

Action                     || total
---------------------------++-------
   Fire: Sling             ||   143
    Use: Scroll            ||     6
 Armour: Ring mail         ||    15
         Robe              ||     4
  Dodge: Dodged            ||    56
         Repelled          ||     1

Table legend:
 A = Non-vault XP
 B = Vault XP
 C = Vault XP percentage of total XP
 D = Non-vault monster count
 E = Vault monster count
 F = Vault count percentage of total count
                 A         B        C        D         E       F
            +---------+---------+-------+---------+---------+-------
      Total |      79 |       0 |   0.0 |      35 |       0 |   0.0
            +---------+---------+-------+---------+---------+-------
        D:1 |      28 |       0 |   0.0 |      19 |       0 |   0.0
        D:2 |      51 |       0 |   0.0 |      16 |       0 |   0.0
            +---------+---------+-------+---------+---------+-------
